 Dungeon Crawl Stone Soup version 0.28-a0-309-gf6d37e6e1d (webtiles) character file.

Game seed: 3579082430884344756

10468 Laan the Thaumaturge (level 11, -3/76 HPs)
             Began as a Djinni Air Elementalist on Aug 30, 2021.
             Was a Priest of Makhleb.
             Slain by a cyan ugly thing (14 damage)
             ... on level 11 of the Dungeon.
             The game lasted 00:50:34 (13526 turns).

Laan the Thaumaturge (Djinni Air Elementalist)     Turns: 13526, Time: 00:50:35

Health: -3/76      AC: 10    Str:  7    XL:     11   Next: 93%
Gold:   475        EV: 12    Int: 19    God:    Makhleb [***...] SH:  5 Dex: 15

rFire   + + +      SeeInvis .   e - +1 dagger (drain)
rCold   . . .      Faith    .   (no shield)
rNeg    . . .      Spirit   .   A - +2 robe {Archmagi}
rPois   ∞          Reflect  +   t - +1 helmet
rElec   .          Harm     .   O - scarf {rC+ rF+}
rCorr   .          Rampage  .   (no gloves)
Will    ++...      Archmagi +   (boots unavailable)
Stlth   ++........              a - amulet "Ixakodd" {Reflect rF+ Regen+ SH+5}
HPRegen 1.22/turn               u - +4 ring of protection
MPRegen 0.00/turn               f - ring of willpower

@: flying
A: sickness immunity, fire resistance 2, cold vulnerability 1, float, innate
caster, hp casting, extra vitality 1
a: Renounce Religion, Minor Destruction, Lesser Servant of Makhleb


You were on level 11 of the Dungeon.
You worshipped Makhleb.
Makhleb was most pleased with you.
You visited 2 branches of the dungeon, and saw 12 of its levels.

You collected 1239 gold pieces.
You spent 764 gold pieces at shops.

Inventory:

Hand Weapons
 e - a +1 dagger of draining (weapon)
Missiles
 d - 7 javelins (quivered)
 o - a throwing net
Armour
 s - a +2 tower shield
 t - a +1 helmet (worn)
 A - a +2 robe of the Archmagi (worn)
 O - a scarf of resistance (worn)
Jewellery
 a - the amulet "Ixakodd" (around neck) {Reflect rF+ Regen+ SH+5}
   (You bought it in a shop on level 8 of the Dungeon)

   [amulet of reflection]

   It reflects blocked missile attacks.
   rF:        It protects you from fire.
   Regen:     It increases your rate of health regeneration.
   SH:        It affects your SH (+5).
 f - a ring of willpower (right hand)
 i - a ring of protection from fire
 u - a +4 ring of protection (left hand)
 K - a +6 ring of strength
 N - a ring of resist corrosion
 P - an amulet of regeneration
Wands
 j - a wand of polymorph (5)
 v - a wand of flame (41)
 B - a wand of digging (3)
 C - a wand of iceblast (26)
 E - a wand of paralysis (9)
Scrolls
 b - 6 scrolls of identify
 g - a scroll of blinking
 m - 3 scrolls of enchant armour
 r - 2 scrolls of teleportation
 F - a scroll of magic mapping
Potions
 c - 5 potions of curing
 h - a potion of might
 k - a potion of brilliance {unknown}
 w - a potion of attraction {unknown}
 x - a potion of invisibility {unknown}
 z - 2 potions of flight {unknown}
 D - 2 potions of ambrosia {unknown}
 G - a potion of berserk rage {unknown}
 H - a potion of mutation {unknown}
 I - a potion of haste {unknown}


   Skills:
 + Level 6.0 Fighting
 - Level 2.6 Dodging
 - Level 2.0 Stealth
 * Level 12.4 Spellcasting
 + Level 4.3 Evocations


You had 12 spell levels left.
You knew the following spells:

 Your Spells              Type           Power      Damage    Failure   Level
a - Shock                 Conj/Air       100%       1d9       1%          1
b - Static Discharge      Conj/Air       73%        N/A       1%          2
c - Swiftness             Air            73%        N/A       1%          3
d - Airstrike             Air            36%        N/A       1%          4
e - Animate Skeleton      Necr           100%       N/A       1%          1
f - Searing Ray           Conj           100%       3d7       1%          2
g - Passwall              Tmut/Erth      60%        N/A       1%          2
h - Frozen Ramparts       Ice            100%       1d12      1%          3
i - Passage of Golubria   Tloc           N/A        N/A       1%          4
Your spell library was empty.

Dungeon Overview and Level Annotations

Branches:
Dungeon (11/15)            Temple (1/1) D:4            Lair (0/6) D:9
    Orc: D:9-12

Altars:
Ashenzari
Cheibriados
Dithmenos
Elyvilon
Fedhas
Gozag
Hepliaklqana
Kikubaaqudgha
Makhleb
Nemelex Xobeh
Okawaru
Qazlal
Ru
Sif Muna
Trog
Uskayaw
Vehumet
Wu Jian
Xom
Yredelemnul
Zin
The Shining One

Shops:
D:6 !:*[   D:8 :=

Annotations:
D:7 Gastronok
D:8 Jakar från helvetet
D:9 2 transporters, exclusion: downstairs, boben's ghost, novice DsGl


Innate Abilities, Weirdness & Mutations

You are immune to sickness and miasma.
You are immune to poison.
Your flesh is very heat resistant. (rF++)
You are vulnerable to cold. (rC-)
You float through the air rather than walking.
You learn spells naturally, not from books.
Your magical power is your life essence.
You have superior vitality. (+4 HP)


Message History

You feel a surge of power!
The air twists around and strikes the cyan ugly thing.
The cyan ugly thing gurgles horribly!
The cyan ugly thing is lightly wounded.
Casting: Airstrike (safe; 1% risk of failure)
Confirm with . or Enter, or press ? or * to list all spells.
Aiming: Airstrike (safe; 1% risk of failure)
Press: ? - help, Dir - move target, f/p - cyan ugly thing
Aim: a cyan ugly thing (lightly wounded, empty space bonus: 3/8)
You feel a surge of power!
The air twists around and strikes the cyan ugly thing!
The cyan ugly thing is moderately wounded.
A boulder beetle comes into view.
Casting: Airstrike (safe; 1% risk of failure)
Confirm with . or Enter, or press ? or * to list all spells.
Aiming: Airstrike (safe; 1% risk of failure)
Press: ? - help, Dir - move target, f/p - cyan ugly thing
Aim: a cyan ugly thing (moderately wounded, empty space bonus: 3/8)
You feel a surge of power!
The air twists around and strikes the cyan ugly thing!
The cyan ugly thing is heavily wounded.
The cyan ugly thing punches you! The cyan ugly thing shocks you!
Casting: Airstrike (safe; 1% risk of failure)
Confirm with . or Enter, or press ? or * to list all spells.
Aiming: Airstrike (safe; 1% risk of failure)
Press: ? - help, Dir - move target, f/p - cyan ugly thing
Aim: a cyan ugly thing (heavily wounded, empty space bonus: 3/8)
You feel a surge of power!
The air twists around and strikes the cyan ugly thing!
The cyan ugly thing is heavily wounded.
The cyan ugly thing punches you! The cyan ugly thing shocks you!
* * * LOW HITPOINT WARNING * * *
You feel better. The cyan ugly thing punches you.
* * * LOW HITPOINT WARNING * * *
The cyan ugly thing shocks you!
* * * LOW HITPOINT WARNING * * *
You feel better. The cyan ugly thing punches you.
* * * LOW HITPOINT WARNING * * *
The cyan ugly thing shocks you!
You die...

+### ..# ### #.# ..#
###.### #.# #....<#
####u### #.#####
#...@..# #.....#
+......##### #.#.#.#
#......'B..###.#.#.#
#......###...#.#.#.#
###+#### ###...#...#
###.##### #...
###... ##.#


You could see a boulder beetle and a cyan ugly thing.

Vanquished Creatures
  4 two-headed ogres
  A death yak (D:9)
  Joseph (D:7)
  A gargoyle (D:9)
  A komodo dragon (D:10)
  A troll (D:10)
  A hornet (D:10)
  Grinder (D:3)
  A shadow (D:10)
  Sigmund (D:3)
  A wyvern (D:8)
  A vampire (D:10)
  7 yaks
  A steam dragon (D:7)
  4 vampire mosquitoes (D:10)
  An acid dragon (D:10)
  A water moccasin (D:6)
  Duvessa (D:6)
  A sky beast (D:8)
  An orc warrior (D:8)
  2 necrophages (D:6)
  3 black bears
  4 ogres
  5 centaurs
  3 kobold brigands
  Blork the orc (D:6)
  4 bullfrogs
  A gnoll sergeant (D:8)
  3 scorpions
  Dowan (D:6)
  A killer bee (D:8)
  2 howler monkeys
  2 centaur zombies
  A jelly (D:4)
  2 orc priests
  6 hounds
  3 iguanas
  3 bullfrog skeletons
  A centaur skeleton (D:7)
  Terence (D:3)
  4 orc wizards
  A scorpion zombie (D:5)
  2 howler monkey zombies
  10 gnolls
  8 adders
  A howler monkey skeleton (D:6)
  2 river rats (D:9)
  2 shadow imps
  2 white imps (D:6)
  An ufetubus (D:6)
  12 orcs
  6 ball pythons
  8 endoplasms
  8 giant cockroaches
  7 goblins
  10 hobgoblins
  6 jackals
  9 quokkas
  12 bats
  3 frilled lizards (D:1)
  16 kobolds
  9 rats
220 creatures vanquished.

Notes
Turn   | Place    | Note
-------+----------+-------------------------------------------
     0 | D:1      | Laan the Djinni Air Elementalist began the quest for the
                  | Orb.
     0 | D:1      | Reached XP level 1. HP: 15/15 MP: 0/0
   221 | D:1      | Reached XP level 2. HP: 18/21 MP: 0/0
   753 | D:1      | Found a faded altar of an unknown god.
   782 | D:1      | Reached XP level 3. HP: 19/25 MP: 0/0
   782 | D:1      | Learned a level 1 spell: Animate Skeleton
  1068 | D:1      | Reached skill level 3 in Spellcasting
  1653 | D:2      | Reached XP level 4. HP: 26/31 MP: 0/0
  2377 | D:3      | Noticed Terence
  2482 | D:3      | Noticed Sigmund
  2803 | D:3      | Noticed Grinder
  3478 | D:4      | Noticed a scorpion
  3508 | D:4      | Reached XP level 5. HP: 33/35 MP: 0/0
  3508 | D:4      | Learned a level 2 spell: Searing Ray
  3594 | D:4      | Reached skill level 4 in Spellcasting
  3824 | D:4      | Found a staircase to the Ecumenical Temple.
  3932 | Temple   | Entered the Ecumenical Temple
  4036 | Temple   | Became a worshipper of Makhleb the Destroyer
  4375 | D:4      | Reached XP level 6. HP: 28/40 MP: 0/0
  4749 | D:4      | Reached skill level 5 in Spellcasting
  5320 | D:5      | Entered Level 5 of the Dungeon
  5396 | D:5      | Reached XP level 7. HP: 1/45 MP: 0/0
  5396 | D:5      | Learned a level 2 spell: Passwall
  5839 | D:5      | Reached * piety under Makhleb
  6020 | D:5      | Reached skill level 6 in Spellcasting
  6347 | D:5      | Reached XP level 8. HP: 43/50 MP: 0/0
  6640 | D:5      | Found a stormy altar of Qazlal.
  6641 | D:5      | Found a hazy altar of Hepliaklqana.
  6645 | D:5      | Found a hide-covered altar of Uskayaw.
  6645 | D:5      | Found an opulent altar of Gozag.
  6648 | D:5      | Found a snail-covered altar of Cheibriados.
  6648 | D:5      | Found a basalt altar of Yredelemnul.
  6649 | D:5      | Found an ornate altar of the Wu Jian Council.
  6764 | D:3      | Killed Terence
  6871 | D:3      | Killed Grinder
  6872 | D:3      | Reached skill level 7 in Spellcasting
  6967 | D:3      | Killed Sigmund
  7132 | D:6      | Reached skill level 8 in Spellcasting
  7360 | D:6      | Reached XP level 9. HP: 50/55 MP: 0/0
  7360 | D:6      | Learned a level 3 spell: Frozen Ramparts
  7394 | D:6      | Found Aresonuer's Distillery.
  7398 | D:6      | Bought a potion of curing for 39 gold pieces
  7398 | D:6      | Bought a potion of heal wounds for 65 gold pieces
  7522 | D:6      | Found Heypos's Book Emporium.
  7530 | D:6      | Noticed Blork the orc
  7534 | D:6      | Killed Blork the orc
  7696 | D:6      | Noticed Duvessa
  7699 | D:6      | Noticed Dowan
  7705 | D:6      | Killed Dowan
  7706 | D:6      | Killed Duvessa
  7707 | D:6      | Reached skill level 9 in Spellcasting
  8059 | D:6      | Found a shimmering altar of Xom.
  8099 | D:6      | Found Rownol Woell's Armour Boutique.
  8596 | D:6      | Found Vuinloso's Assorted Antiques.
  9159 | D:7      | Noticed Joseph
  9160 | D:7      | Reached ** piety under Makhleb
  9164 | D:7      | Reached skill level 10 in Spellcasting
  9356 | D:7      | Killed Joseph
  9357 | D:7      | Reached XP level 10. HP: 31/60 MP: 0/0
 10133 | D:8      | Noticed a two-headed ogre
 10137 | D:8      | Killed a two-headed ogre
 10138 | D:8      | Reached skill level 11 in Spellcasting
 10365 | D:8      | Found Xec Guargh's Jewellery Shoppe.
 10544 | D:8      | Noticed Gastronok
 10961 | D:8      | Found Hoew's Book Shop.
 11473 | D:9      | Noticed a gargoyle
 11476 | D:9      | Killed a gargoyle
 11477 | D:9      | Reached XP level 11. HP: 60/72 MP: 0/0
 11477 | D:9      | Learned a level 4 spell: Passage of Golubria
 11637 | D:9      | Noticed a death yak
 11637 | D:9      | Noticed a death yak
 11727 | D:8      | Identified a scroll of acquirement
 11727 | D:8      | Acquired 642 gold pieces
 11859 | D:8      | Bought the amulet "Ixakodd" {Reflect rF+ Regen+ SH+5} for
                  | 660 gold pieces
 12145 | D:9      | Noticed a two-headed ogre
 12149 | D:9      | Killed a two-headed ogre
 12150 | D:9      | Reached skill level 1 in Evocations
 12155 | D:9      | Noticed boben's ghost (novice DsGl)
 12169 | D:9      | Found a transporter.
 12190 | D:9      | Found a transporter.
 12213 | D:9      | Found a staircase to the Lair.
 12218 | D:9      | Noticed a death yak
 12245 | D:9      | Killed a death yak
 12248 | D:9      | Reached skill level 5 in Fighting
 12248 | D:9      | Reached skill level 12 in Spellcasting
 12370 | D:9      | Noticed a two-headed ogre
 12375 | D:9      | Killed a two-headed ogre
 12636 | D:10     | Entered Level 10 of the Dungeon
 12715 | D:10     | Noticed a two-headed ogre
 12721 | D:10     | Killed a two-headed ogre
 13157 | D:10     | Reached *** piety under Makhleb
 13520 | D:11     | Noticed a cyan ugly thing
 13522 | D:11     | Noticed a boulder beetle
 13526 | D:11     | Slain by a cyan ugly thing

Illustrated notes

Levels and vault maps discovered:
D:1:      minmay_arrival_stone_box, layout_basic,
          ebering_ecumenical_altar_sacrificial, st_stairs_7, minmay_heptomino_w4
D:2:      layout_loops_ring
D:3:      layout_loops_ring, columned_hall_lemuel, uniq_sigmund, uniq_terence,
          uniq_grinder
D:4:      layout_rooms, minmay_temple_entry_trees, gup_sewer_entry_bubbles,
          kennysheep_donut
D:5:      layout_rooms, grunt_temple_overflow_open, kennysheep_path_1
D:6:      layout_basic, serial_shops, nicolae_shop_stone, nicolae_shop_crystal,
          kennysheep_mini, shop, enter_ossuary_5, minmay_ruined_shrine,
          uniq_duvessa, uniq_blork_the_orc
D:7:      layout_gridville, uniq_joseph
D:8:      layout_basic, serial_shops, shop, minivault_4, kennysheep_diamond,
          uniq_gastronok
D:9:      layout_roguey, nicolae_kikubaaqudgha_miasma_corner,
          dpeg_lair_monsters, gammafunk_ghost_arena, item_on_display_a
D:10:     layout_basic, nrook_loot_triangle
D:11:     layout_roguey, erik_orc_1, uniq_snorg
Temple:   eino_temple_water

Skill      XL: |  1  2  3  4  5  6  7  8  9 10 11 |
---------------+----------------------------------+-----
Stealth        | 2 |  2.0
Spellcasting   | 3 4 5 6 8 10 11 12 | 12.4
Fighting       | 3 6 |  6.0
Evocations     | 4 |  4.3
Dodging        | |  2.6

Action                   |  1- 3 |  4- 6 |  7- 9 | 10-12 || total
-------------------------+-------+-------+-------+-------++-------
Melee: Dagger            |     2 |       |       |       ||     2
 Cast: Shock             |    74 |   108 |    52 |     1 ||   235
       Searing Ray       |       |    20 |    17 |       ||    37
       Airstrike         |       |    10 |    74 |   142 ||   226
       Frozen Ramparts   |       |       |       |     3 ||     3
  Use: Potion            |       |       |     1 |     4 ||     5
       Scroll            |       |       |       |    16 ||    16
Armor: Robe              |     1 |     2 |     2 |     6 ||    11
Dodge: Dodged            |     6 |     8 |    16 |     7 ||    37
Block: Other             |       |       |       |     3 ||     3

Table legend: (Time is in decaauts)
 A = Elapsed time spent in this place.
 B = Non-inter-level travel time spent in this place.
 C = Inter-level travel time spent in this place.
 D = Time resting spent in this place.
 E = Time spent auto-exploring this place.
 F = Levels seen in this place.
 G = Mean time per level.
                   A        B        C        D        E       F      G
               +--------+--------+--------+--------+--------+-----+--------+
         Total |  13544 |  12871 |    673 |   4858 |   6304 |  12 | 1128.7 |
       Dungeon |  13193 |  12547 |    646 |   4858 |   5997 |  11 | 1199.4 |
        Temple |    350 |    323 |     27 |      0 |    307 |   1 |  350.0 |
               +--------+--------+--------+--------+--------+-----+--------+

Top non-repeatable levels by time:
     D:4: 2018 daAuts
     D:7: 1739 daAuts
     D:1: 1581 daAuts
     D:6: 1498 daAuts
     D:8: 1409 daAuts
     D:3: 1409 daAuts
     D:5: 1161 daAuts
     D:9: 939 daAuts
     D:2: 710 daAuts
    D:10: 686 daAuts
  Temple: 350 daAuts
    D:11: 38 daAuts
